 Dungeon Crawl Stone Soup version 0.22.0-32-gbc6daba (webtiles) character file.

684 Loudmushroom the Chopper (level 7, -1/61 HPs)
             Began as a Minotaur Fighter on Aug 23, 2018.
             Was an Initiate of Okawaru.
             Killed by nerve-wracking pain
             ... invoked by an orc priest
              (13 damage)
             ... on level 4 of the Dungeon.
             The game lasted 00:23:33 (4113 turns).

Loudmushroom the Chopper (Minotaur Fighter)         Turns: 4113, Time: 00:23:34

Health: -1/61      AC: 11    Str: 21    XL:     7   Next: 35%
Magic:  6/6        EV:  6    Int:  5    God:    Okawaru [......]
Gold:   168        SH: 10    Dex: 11    Spells: 6/6 levels left

rFire    . . .     SeeInvis .   a - +0 war axe
rCold    . . .     Gourm    .   c - +0 shield
rNeg     . . .     Faith    .   i - +0 chain mail
rPois    .         Spirit   .   (helmet restricted)
rElec    .         Reflect  .   (no cloak)
rCorr    .         Harm     .   h - +0 pair of gloves
MR       .....                  (no boots)
Stlth    ..........             (no amulet)
HPRegen  0.20/turn              (no ring)
MPRegen  0.10/turn              (no ring)

@: lethally poisoned (-1 -> -31)
A: retaliatory headbutt, horns 2
a: Renounce Religion


You were on level 4 of the Dungeon.
You worshipped Okawaru.
Okawaru was noncommittal.
You were not hungry.

You visited 2 branches of the dungeon, and saw 5 of its levels.

You collected 168 gold pieces.

Inventory:

Hand Weapons
 a - a +0 war axe (weapon)
 k - a +0 mace
 n - a +0 hunting sling
 y - a +0 scythe
Missiles
 g - 78 arrows
 l - 82 stones (quivered)
 u - 5 needles of sleeping
 v - 21 sling bullets
Armour
 c - a +0 shield (worn)
 h - a +0 pair of gloves (worn)
 i - a +0 chain mail (worn)
Wands
 C - a wand of random effects (29)
 E - a wand of polymorph (9)
Scrolls
 m - 7 scrolls of teleportation {unknown}
 o - 2 scrolls of enchant armour {unknown}
 p - 4 scrolls of immolation {unknown}
 r - a scroll of fog {unknown}
 t - a scroll of identify {unknown}
 x - 2 scrolls of fear {unknown}
 z - a scroll of remove curse {unknown}
 A - 2 scrolls of amnesia {unknown}
 G - a scroll of noise {unknown}
 H - 2 scrolls of random uselessness {unknown}
 I - a scroll of magic mapping {unknown}
Potions
 b - 2 potions of resistance {unknown}
 d - 3 potions of might
 e - a potion of brilliance {unknown}
 j - 2 potions of flight {unknown}
 q - a potion of curing {unknown}
 s - 2 potions of degeneration {unknown}
 w - 2 potions of haste
 B - 2 potions of heal wounds
 D - a potion of cancellation {unknown}
Comestibles
 f - 9 rations
 F - 3 chunks of flesh


   Skills:
 + Level 5.5 Fighting
 * Level 6.6 Axes
 + Level 5.6 Armour
 + Level 5.6 Shields


You had 6 spell levels left.
You didn't know any spells.
Your spell library was empty.

Dungeon Overview and Level Annotations

Branches:
Dungeon (4/15)             Temple (1/1) D:4

Altars:
Ashenzari
Cheibriados
Dithmenos
Elyvilon
Fedhas
Gozag
Kikubaaqudgha
Makhleb
Nemelex Xobeh
Okawaru
Qazlal
Ru
Sif Muna
Trog
Uskayaw
Vehumet
Wu Jian
Xom
Yredelemnul
Zin
The Shining One

Annotations:
D:4 Edmund


Innate Abilities, Weirdness & Mutations

You reflexively headbutt those who attack you in melee.
You have a pair of horns on your head.


Message History

You are more poisoned.
You hit Edmund.
Edmund is severely wounded.
You feel very sick.
The orc hits you from afar with a trident.
Edmund hits you but does no damage.
You hit Edmund.
Edmund is severely wounded.
* * * LOW HITPOINT WARNING * * *
You feel very sick. You block Edmund's attack.
The orc hits you but does no damage. You block Edmund's attack.
You closely miss Edmund.
Edmund is severely wounded.
* * * LOW HITPOINT WARNING * * *
You feel very sick. The orc hits you but does no damage.
The orc priest calls down the wrath of Beogh upon you.
Pain shoots through your body!
You die...

#.# # #!#.# . #.#.##.
#.#..o ##.#..# #=....
#...o#######.#
#...o[@@.....#
####.######### #.# #.#
######### #.# #.......#
#.# #.......# #.#
#.......#
####.##########.......#
#.......รท.............#


You could see Edmund, an orc priest and an orc.

Vanquished Creatures
  Sigmund (D:3)
  An ogre (D:4)
  3 hounds (D:4)
  2 orc wizards
  Natasha (thrice) (D:2)
  A worker ant (D:4)
  7 adders
  3 oozes
  A worm (D:3)
  4 dart slugs
  A leopard gecko (D:4)
  10 orcs
  2 giant cockroaches
  11 hobgoblins
  15 jackals
  10 kobolds
  4 quokkas
  8 bats
  5 frilled lizards
  13 goblins
  A leopard gecko skeleton (D:4)
  8 rats
114 creatures vanquished.

Notes
Turn   | Place    | Note
-------+----------+-------------------------------------------
     0 | D:1      | Loudmushroom the Minotaur Fighter began the quest for the Orb.
     0 | D:1      | Reached XP level 1. HP: 19/19 MP: 0/0
   176 | D:1      | Reached XP level 2. HP: 17/27 MP: 1/1
   179 | D:1      | Reached skill level 3 in Axes
   510 | D:1      | Reached XP level 3. HP: 31/33 MP: 2/2
  1197 | D:2      | Reached XP level 4. HP: 38/40 MP: 3/3
  1395 | D:2      | Reached skill level 4 in Axes
  1695 | D:2      | Noticed Natasha
  1703 | D:2      | Killed Natasha
  1839 | D:2      | Noticed Natasha
  1850 | D:2      | Killed Natasha
  1850 | D:2      | Reached XP level 5. HP: 30/47 MP: 4/4
  2177 | D:2      | Noticed Natasha
  2185 | D:2      | Killed Natasha
  2288 | D:3      | Noticed Sigmund
  2313 | D:3      | Killed Sigmund
  2313 | D:3      | Reached skill level 5 in Axes
  2313 | D:3      | Reached skill level 5 in Armour
  2313 | D:3      | Reached skill level 5 in Shields
  2313 | D:3      | Reached XP level 6. HP: 31/55 MP: 5/5
  2524 | D:3      | Reached skill level 5 in Fighting
  2625 | D:3      | Found a white marble altar of Elyvilon.
  3201 | D:4      | Reached skill level 6 in Axes
  3215 | D:4      | Reached XP level 7. HP: 33/61 MP: 6/6
  3618 | D:4      | Found a staircase to the Ecumenical Temple.
  3624 | Temple   | Entered the Ecumenical Temple
  3721 | Temple   | Became a worshipper of Warmaster Okawaru
  4093 | D:4      | Noticed Edmund
  4113 | D:4      | Killed from afar by an orc priest

Skill      XL: |  1  2  3  4  5  6 |
---------------+-------------------+-----
Axes           | 3 4 5 6 |  6.6
Fighting       | 4 5 |  5.5
Shields        | 4 5 |  5.6
Armour         | 4 5 |  5.6

Action                   |  1- 3 |  4- 6 |  7- 9 || total
-------------------------+-------+-------+-------++-------
Melee: War axe           |    93 |   154 |    55 ||   302
       Headbutt          |    12 |    23 |     7 ||    42
  Eat: Chunk             |     1 |     7 |     3 ||    11
Armor: Scale mail        |    14 |       |       ||    14
       Chain mail        |    33 |   103 |    33 ||   169
Dodge: Dodged            |    29 |    38 |    12 ||    79
Block: Shield            |    60 |    84 |    34 ||   178
